 Dungeon Crawl Stone Soup version 0.23-a0-180-ga5275e7 (console) character file.

2568 nht the Grappler (level 9, -12/63 HPs)
             Began as a Demonspawn Berserker on Sept 18, 2018.
             Was a High Priest of Trog.
             Mangled by an ogre
             ... wielding a +0 giant spiked club
              (29 damage)
             ... on level 8 of the Dungeon.
             The game lasted 00:14:59 (5230 turns).

nht the Grappler (Demonspawn Berserker)             Turns: 5230, Time: 00:15:00

Health: -12/63     AC:  9    Str: 18    XL:     9   Next: 31%
Magic:  9/9        EV: 12    Int:  9    God:    Trog [*****.]
Gold:   548        SH:  0    Dex: 15    Spells: 8/8 levels left

rFire    . . .     SeeInvis .     - Unarmed
rCold    . . .     Gourm    .   (no shield)
rNeg     . . .     Faith    .   j - +2 leather armour {MR+}
rPois    .         Spirit   .   v - +0 helmet
rElec    .         Reflect  .   w - +0 cloak
rCorr    .         Harm     .   (no gloves)
MR       +....                  (no boots)
Stlth    +.........             n - amulet of regeneration
HPRegen  0.60/turn              (no ring)
MPRegen  0.11/turn              (no ring)

@: berserk cooldown, slowed, very slow
A: claws 1, icy blue scales 1, powered by pain 2
a: Berserk, Trog's Hand, Brothers in Arms, Renounce Religion


You were on level 8 of the Dungeon.
You worshipped Trog.
Trog was extremely pleased with you.
You were very hungry.

You visited 1 branch of the dungeon, and saw 8 of its levels.

You collected 548 gold pieces.

Inventory:

Hand Weapons
 a - a +0 falchion
 e - a cursed -1 dagger
Missiles
 b - 4 tomahawks of returning (quivered)
 g - a throwing net
 r - 44 poisoned needles
 x - 10 tomahawks
Armour
 j - a +2 leather armour of magic resistance (worn)
 v - a +0 helmet (worn)
 w - a +0 cloak (worn)
Jewellery
 n - an amulet of regeneration (around neck)
 o - an uncursed ring of ice
 z - an uncursed ring of ice
Wands
 d - a wand of flame (19)
 k - a wand of polymorph (19)
 D - a wand of disintegration (16)
Scrolls
 f - 2 scrolls of enchant armour {unknown}
 h - 2 scrolls of teleportation {unknown}
 i - 3 scrolls of amnesia {unknown}
 l - 2 scrolls of remove curse {unknown}
 p - a scroll of magic mapping {unknown}
 s - a scroll of blinking {unknown}
 u - 2 scrolls of random uselessness {unknown}
 y - 2 scrolls of enchant weapon {unknown}
 C - 4 scrolls of identify
Potions
 m - 2 potions of curing
 q - 2 potions of mutation
 t - 3 potions of might
 B - a potion of brilliance
Comestibles
 c - 9 rations


   Skills:
 - Level 3.0 Fighting
 - Level 4.0 Long Blades
 - Level 1.7 Armour
 - Level 1.7 Dodging
 + Level 11.1 Unarmed Combat


You had 8 spell levels left.
You didn't know any spells.
Your spell library was empty.

Dungeon Overview and Level Annotations

Branches:
Dungeon (8/15)             Temple (0/1) D:4
   Lair: D:8-11

Altars:
Elyvilon
Gozag
Nemelex Xobeh
Ru
Yredelemnul


Innate Abilities, Weirdness & Mutations

You have sharp fingernails.
You are partially covered in icy blue scales. (AC +2)
You sometimes gain power by taking damage.


Message History

The howler monkey is moderately wounded.
The howler monkey closely misses you.
The ogre hits you with a giant spiked club!
The howler monkey hoots and howls with incredible vigour!
You claw the howler monkey!
The howler monkey is almost dead.
The howler monkey barely misses you.
The ogre hits you with a giant spiked club!
You claw the howler monkey!
You kill the howler monkey!
Trog accepts your kill.
Evoke which item? (* to show all) (? for menu, Esc to quit)
Aiming: Disintegrate
Press: ? - help, Shift-Dir - straight line, f - ogre
Aim: an ogre, wielding a giant spiked club (chance to defeat MR: 65%)
The ogre is blasted.
The ogre hits you with a giant spiked club!
* * * LOW HITPOINT WARNING * * *
The ogre hits you with a giant spiked club!!
You die...

> .. ... .██ ...█+█
... ███...████ $..█
.██........██.█..█
.........@O......█
█.........███...█
█.....?.....)...█
█.......(.....█.....
███.....((.█████ ...
█.....(.████ .
█.......█
█.......█████
█.......█...█████████


You could see an ogre.

Vanquished Creatures
  2 orc warriors
  A sky beast (D:6)
  An ice beast (D:7)
  2 ogres
  3 centaurs
  A big kobold (D:6)
  2 scorpions
  4 wights (D:5)
  9 howler monkeys
  2 crimson imps (D:5)
  A centaur skeleton (D:5)
  3 orc priests
  Crazy Yiuf (D:5)
  4 hounds
  A jelly (D:5)
  A bullfrog skeleton (D:7)
  Jessica (D:2)
  A gnoll shaman (D:7)
  3 worker ants
  7 orc wizards
  A hound skeleton (D:4)
  A worker ant zombie (D:7)
  15 gnolls
  8 adders
  A shadow imp (D:7)
  4 oozes
  2 adder zombies
  2 dart slugs
  4 leopard geckos
  26 orcs
  5 ball pythons
  9 bats
  8 giant cockroaches
  5 goblins
  10 hobgoblins
  3 jackals (D:5)
  A quokka (D:7)
  8 frilled lizards
  13 kobolds
  2 quokka skeletons
  10 rats
188 creatures vanquished.

Notes
Turn   | Place    | Note
-------+----------+-------------------------------------------
     0 | D:1      | nht the Demonspawn Berserker began the quest for the Orb.
     0 | D:1      | Reached XP level 1. HP: 18/18 MP: 1/1
    60 | D:1      | Gained mutation: You have sharp fingernails. [demonic
                  | ancestry]
    60 | D:1      | Reached XP level 2. HP: 18/24 MP: 2/2
   455 | D:1      | Gained mutation: You are partially covered in icy blue
                  | scales. (AC +2) [demonic ancestry]
   455 | D:1      | Reached XP level 3. HP: 23/29 MP: 3/3
   557 | D:1      | Reached ** piety under Trog
   718 | D:2      | Reached skill level 1 in Unarmed Combat
   873 | D:2      | Found a sacrificial altar of Ru.
   932 | D:2      | Reached XP level 4. HP: 26/35 MP: 4/4
  1090 | D:2      | Reached skill level 2 in Unarmed Combat
  1250 | D:2      | Noticed Jessica
  1461 | D:2      | Killed Jessica
  1496 | D:2      | Reached skill level 3 in Unarmed Combat
  1497 | D:2      | Reached XP level 5. HP: 41/41 MP: 5/5
  1809 | D:3      | Reached *** piety under Trog
  2076 | D:3      | Reached skill level 4 in Unarmed Combat
  2188 | D:3      | Gained mutation: You sometimes gain a little power by
                  | taking damage. [demonic ancestry]
  2188 | D:3      | Reached XP level 6. HP: 47/47 MP: 6/6
  2437 | D:3      | Found a sparkling altar of Nemelex Xobeh.
  2661 | D:4      | Reached skill level 5 in Unarmed Combat
  3074 | D:4      | Found a staircase to the Ecumenical Temple.
  3154 | D:5      | Entered Level 5 of the Dungeon
  3234 | D:5      | Reached **** piety under Trog
  3234 | D:5      | Reached XP level 7. HP: 52/52 MP: 7/7
  3239 | D:5      | Reached skill level 6 in Unarmed Combat
  3290 | D:5      | Reached skill level 7 in Unarmed Combat
  3852 | D:5      | Found a runed door.
  3856 | D:5      | Noticed Crazy Yiuf
  3864 | D:5      | Killed Crazy Yiuf
  3907 | D:6      | Reached XP level 8. HP: 58/58 MP: 8/8
  3928 | D:6      | Reached skill level 8 in Unarmed Combat
  4030 | D:6      | Reached skill level 9 in Unarmed Combat
  4132 | D:6      | Found a white marble altar of Elyvilon.
  4373 | D:6      | Found a basalt altar of Yredelemnul.
  4555 | D:7      | Reached skill level 10 in Unarmed Combat
  4634 | D:7      | Gained mutation: You sometimes gain power by taking damage.
                  | [demonic ancestry]
  4634 | D:7      | Reached XP level 9. HP: 63/63 MP: 9/9
  4981 | D:7      | Found an opulent altar of Gozag.
  5207 | D:8      | Reached ***** piety under Trog
  5215 | D:8      | Reached skill level 11 in Unarmed Combat
  5230 | D:8      | Mangled by an ogre

Vault maps used:
D:1:      onia_arrival_handbag, minmay_misc_feat_tiny
D:2:      marbit_many_paths, uniq_jessica
D:3:      lemuel_coloured_pillars_altar, moated_statue
D:4:      minmay_temple_entry_nine_rooms, first_ration
D:5:      lemuel_old_faithful, uniq_crazy_yiuf_cottage
D:6:      cheibrodos_thug_alley, kennysheep_mini_moat, old_standard_altar
D:7:      nicolae_gozag_cash_rules_everything_around_me

Skill      XL: |  1  2  3  4  5  6  7  8  9 |
---------------+----------------------------+-----
Long Blades    | 3 4 |  4.0
Unarmed Combat | 1 3 4 5 7 10 11 | 11.1
Fighting       | |  3.0
Armour         | |  1.7
Dodging        | |  1.7

Action                   |  1- 3 |  4- 6 |  7- 9 || total
-------------------------+-------+-------+-------++-------
Melee: Falchion          |    93 |   197 |       ||   290
       Unarmed           |       |    11 |   264 ||   275
       Punch             |       |     3 |    11 ||    14
Invok: Berserk           |     2 |     8 |     9 ||    19
Evoke: Wand              |       |       |     6 ||     6
  Use: Scroll            |       |     1 |     3 ||     4
       Potion            |       |     4 |       ||     4
 Stab: Sleeping          |     5 |     2 |       ||     7
       Invisible         |       |     5 |       ||     5
  Eat: Chunk             |     1 |    16 |    14 ||    31
Armor: Animal skin       |    27 |    77 |       ||   104
       Leather armour    |       |    15 |    78 ||    93
Dodge: Dodged            |    56 |   174 |   131 ||   361
       Rpst.: Falchion   |    18 |    47 |       ||    65

Table legend:
 A = Non-vault XP
 B = Vault XP
 C = Vault XP percentage of total XP
 D = Non-vault monster count
 E = Vault monster count
 F = Vault count percentage of total count
                 A         B        C        D         E       F
            +---------+---------+-------+---------+---------+-------
      Total |    3461 |     208 |   5.7 |     171 |      17 |   9.0
            +---------+---------+-------+---------+---------+-------
        D:1 |      40 |      12 |  23.1 |      23 |       4 |  14.8
        D:2 |     128 |      39 |  23.4 |      25 |       2 |   7.4
        D:3 |     242 |       0 |   0.0 |      32 |       0 |   0.0
        D:4 |     176 |       0 |   0.0 |      10 |       0 |   0.0
        D:5 |     671 |      40 |   5.6 |      26 |       1 |   3.7
        D:6 |     665 |     117 |  15.0 |      14 |      10 |  41.7
        D:7 |    1151 |       0 |   0.0 |      36 |       0 |   0.0
        D:8 |     388 |       0 |   0.0 |       5 |       0 |   0.0
            +---------+---------+-------+---------+---------+-------
